 Dungeon Crawl Stone Soup version 0.28-a0-657-g71136c5590 (webtiles) character file.

Game seed: 1404397355476351185

5 BlueGoblin the Sneak (level 1, -1/11 HPs)
             Began as a Spriggan Delver on Oct 13, 2021.
             Slain by a kobold (2 damage)
             ... on level 2 of the Dungeon.
             The game lasted 00:01:59 (501 turns).

BlueGoblin the Sneak (Spriggan Delver)               Turns: 501, Time: 00:01:59

Health: -1/11      AC:  2    Str:  8    XL:     1   Next: 66%
Magic:  2/2        EV: 17    Int: 11    God:
Gold:   31         SH:  0    Dex: 16    Spells: 0/0 levels left

rFire   . . .      SeeInvis +   a - +0 short sword
rCold   + . .      Faith    .   (shield restricted)
rNeg    . . .      Spirit   .   b - +0 robe
rPois   .          Reflect  .   (helmet restricted)
rElec   .          Harm     .   (no cloak)
rCorr   .          Rampage  .   (gloves unavailable)
Will    .....                   (boots unavailable)
Stlth   ++++......              (no amulet)
HPRegen 0.03/turn               j - ring of protection from cold
MPRegen 0.08/turn               (no ring)

@: very quick
A: very small, no large weapons, unfitting armour, see invisible, speed 3
a: no special abilities


You were on level 2 of the Dungeon.
You visited 1 branch of the dungeon, and saw 5 of its levels.

You collected 31 gold pieces.

Inventory:

Hand Weapons
 a - a +0 short sword (weapon)
 h - a +0 hand crossbow
Armour
 b - a +0 robe (worn)
Jewellery
 j - a ring of protection from cold (left hand)
Wands
 g - a wand of digging (3)
Scrolls
 c - a scroll of fog
 d - a scroll of magic mapping
 e - a scroll of fear
 k - a scroll of enchant armour {unknown}
Potions
 f - a potion of haste
 i - 3 potions of flight {unknown}
 l - a potion of degeneration {unknown}


   Skills:
 + Level 2.4 Fighting
 + Level 2.2 Short Blades
 * Level 2.8 Dodging
 + Level 7.5 Stealth


You couldn't memorise any spells.
You didn't know any spells.
Your spell library was empty.

Dungeon Overview and Level Annotations

Branches:
Dungeon (5/15)
 Temple: D:4-7

Altars:


Innate Abilities, Weirdness & Mutations

You are very small and have problems with some larger weapons.
You are too small for most types of armour.
You have supernaturally acute eyesight. (SInv)
You cover ground extremely quickly. (Speed+++)


Message History

A bat is nearby!
A bat is nearby!
A bat is nearby!
There is a stone staircase leading down here.
You barely miss the bat. The bat misses you.
You barely miss the bat. The bat misses you. The bat closely misses you.
The bat hits you.
You hit the bat.
You kill the bat!
No target in view!
No target in view!
There is a stone staircase leading down here.
You now have 31 gold pieces (gained 13).
l - a smoky silvery potion You open the door.
There is an open door here.
A quokka comes into view.
A quokka is nearby!
A quokka is nearby!
A kobold comes into view. It is wielding a +0 whip.
The kobold shouts!
You hit the kobold but do no damage. The kobold misses you.
The quokka misses you.
You hit the kobold.
The kobold is severely wounded.
The kobold hits you with a +0 whip. The quokka bites you.
* * * LOW HITPOINT WARNING * * *
You open the door.
The kobold throws a stone.
The stone hits you but does no damage. The quokka misses you.
There is an open door here.
You see here a hobgoblin skeleton.
The kobold throws a stone.
The stone barely misses you.
There is a stone staircase leading down here.
You climb downwards.
The kobold barely misses you. The kobold hits you but does no damage.
There is a stone staircase leading up here.
The kobold hits you with a +0 dagger.
You die...

#.##########+##
#.#.....w..# #
#.#........#.#
#.#........#.##
#.............##
###.............
#...........#
##.......#.
#...K@..#
#########


You could see a worm (asleep) and a kobold.

Vanquished Creatures
  A giant cockroach (D:1)
  A hobgoblin (D:1)
  A kobold (D:1)
  A bat (D:1)
  A rat (D:1)
5 creatures vanquished.

Notes
Turn   | Place    | Note
-------+----------+-------------------------------------------
     0 | D:5      | BlueGoblin the Spriggan Delver began the quest for the Orb.
     0 | D:5      | Reached XP level 1. HP: 11/11 MP: 2/2
     8 | D:5      | Noticed a hound
    28 | D:5      | Noticed an orc wizard
    29 | D:5      | Noticed an orc wizard
    40 | D:4      | Noticed a necrophage
   501 | D:2      | Slain by a kobold

Illustrated notes

Levels and vault maps discovered:
D:1:      minmay_arrival_doors, layout_basic, ebering_ecumenical_altar_webs,
          serial_shops, shop
D:2:      layout_loops_corners, basic_altar, minmay_misc_feat_columns,
          uniq_terence, uniq_jessica
D:3:      layout_loops_ring, grunt_decor_clamped
D:4:      layout_basic, mainiacjoe_overflow_boulevard,
          minmay_temple_entry_wispy, portal_sewer_entry_d
D:5:      wad_river_or_something, layout_basic,
          lemuel_mausoleum_altar_yredelemnul, overflow_temple_1_default,
          guppyfry_early_orc_mine

Action                   || total
-------------------------++-------
Melee: Short sword       ||    13
 Stab: Sleeping          ||     3
Armor: Robe              ||     3
Dodge: Dodged            ||    18

Table legend: (Time is in decaauts)
 A = Elapsed time spent in this place.
 B = Non-inter-level travel time spent in this place.
 C = Inter-level travel time spent in this place.
 D = Time resting spent in this place.
 E = Time spent auto-exploring this place.
 F = Levels seen in this place.
 G = Mean time per level.
                   A        B        C        D        E       F      G
               +--------+--------+--------+--------+--------+-----+--------+
         Total |    393 |    393 |      0 |      0 |    249 |   5 |   78.6 |
       Dungeon |    393 |    393 |      0 |      0 |    249 |   5 |   78.6 |
               +--------+--------+--------+--------+--------+-----+--------+

Top non-repeatable levels by time:
     D:1: 288 daAuts
     D:4: 32 daAuts
     D:2: 28 daAuts
     D:3: 22 daAuts
     D:5: 22 daAuts
